 Dungeon Crawl Stone Soup version 0.22-a0-617-g6d95e9e (webtiles) character file.

37 iamserjio the Chopper (level 3, 0/51 HPs)
             Began as a Naga Berserker on July 12, 2018.
             Was a Follower of Trog.
             Slain by an adder (3 damage)
             ... on level 2 of the Dungeon.
             The game lasted 00:02:50 (259 turns).

iamserjio the Chopper (Naga Berserker)               Turns: 259, Time: 00:02:52

Health: 0/51       AC:  3    Str: 24    XL:     3   Next: 39%
Magic:  3/3        EV:  9    Int:  8    God:    Trog [*.....]
Gold:   43         SH:  0    Dex: 10    Spells: 2/2 levels left

rFire    . . .     SeeInvis +   a - +0 hand axe
rCold    . . .     Gourm    .   (no shield)
rNeg     . . .     Faith    .   f - +0 ring mail
rPois    +         Spirit   .   (no helmet)
rElec    .         Reflect  .   (no cloak)
rCorr    .         Harm     .   (no gloves)
MR       .....                  (no barding)
Stlth    ..........             (no amulet)
HPRegen  0.17/turn              (no ring)
MPRegen  0.08/turn              (no ring)

@: berserking, quick
A: large, see invisible, deformed body, poison resistance, slowness 2, slow
metabolism 1, spit poison 1, AC +1
a: Spit Poison, Berserk, Renounce Religion


You were on level 2 of the Dungeon.
You worshipped Trog.
Trog was aware of your devotion.
You were hungry.

You visited 1 branch of the dungeon, and saw 3 of its levels.

You collected 43 gold pieces.

Inventory:

Hand Weapons
 a - a +0 hand axe (weapon)
Armour
 b - a +0 animal skin
 f - a +0 ring mail (worn)
Scrolls
 d - a scroll of immolation {unknown}
 e - a scroll of remove curse {unknown}
Comestibles
 c - 2 rations
 g - 2 chunks of flesh


   Skills:
 + Level 3.2 Fighting
 * Level 3.6 Axes
 + Level 2.0 Armour
 - Level 1.5 Dodging
 + Level 1.8 Stealth


You had 2 spell levels left.
You didn't know any spells.
Your spell library was empty.

Dungeon Overview and Level Annotations

Branches:
Dungeon (3/15)

Altars:


Innate Abilities, Weirdness & Mutations

You cannot wear boots.
Your serpentine skin is tough. (AC +1)
You have supernaturally acute eyesight. (SInv)
Armour fits poorly on your strangely shaped body.
Your system is resistant to poisons. (rPois)
You cover ground very slowly.
You have a slow metabolism.
You can spit poison.


Message History

The adder moves out of view.
Found 23 stones.
The adder bites you but does no damage. The adder closely misses you.
Found a stone staircase leading down.
There is an open door here.
A red film seems to cover your vision as you go berserk!
You feel yourself moving faster!
You feel mighty!
You are feeling hungry.
The adder bites you but does no damage. The adder bites you.
* * * LOW HITPOINT WARNING * * *
You slash the adder!
The adder is almost dead.
The bat barely misses you. The adder bites you.
* * * LOW HITPOINT WARNING * * *
You barely miss the adder.
The adder is almost dead.
The bat hits you.
* * * LOW HITPOINT WARNING * * *
The adder bites you.
You die...

.#####)####.
#........(...
######.###### #........
. ### #.#.....# # ....
#.#.....# .(...##
#.#.....# # .......###
#.#.....##### ......b@.#
#.#....)..... >.....S#.#
#.#..........
.......#.###............
.......#....##..........
.......####.##.##.......
....... #.##.#........
....... #.##.#...#.#.#
####### #.##.###.#.#.#
#.##.....#.#..


You could see an adder and a bat.

Vanquished Creatures
  2 adders (D:2)
  A worm (D:2)
  A dart slug (D:2)
  A leopard gecko (D:1)
  A giant cockroach (D:2)
  2 goblins
  A hobgoblin (D:1)
  A frilled lizard (D:2)
  2 kobolds (D:2)
  3 rats
15 creatures vanquished.

Notes
Turn   | Place    | Note
-------+----------+-------------------------------------------
     0 | D:1      | iamserjio the Naga Berserker began the quest for the Orb.
     0 | D:1      | Reached XP level 1. HP: 21/21 MP: 1/1
    99 | D:2      | Reached skill level 1 in Stealth
    99 | D:2      | Reached XP level 2. HP: 28/28 MP: 2/2
   127 | D:2      | Reached XP level 3. HP: 2/34 MP: 3/3
   132 | D:2      | HP: 1/34 [kobold/short sword (2)]
   259 | D:2      | Slain by an adder

Vault maps used:
D:1:      giann_horns, minmay_pentomino_p4
D:3:      uniq_crazy_yiuf_cottage

Skill      XL: |  1  2  3 |
---------------+----------+-----
Stealth        | 1 |  1.8
Armour         | 2 |  2.0
Fighting       | |  3.2
Axes           | |  3.6
Dodging        | |  1.5

Action                   || total
-------------------------++-------
Melee: Hand axe          ||    34
Invok: Berserk           ||     5
 Abil: Spit Poison       ||     6
  Use: Potion            ||     2
  Eat: Chunk             ||     2
Armor: Ring mail         ||    14
       Animal skin       ||     1
Dodge: Dodged            ||    17

Table legend:
 A = Spawn XP
 B = Non-spawn XP
 C = Spawn XP percentage of total XP
 D = Spawn monster count
 E = Non-spawn monster count
 F = Spawn count percentage of total count
 G = Total turns spent on level
                    A         B        C        D         E        F      G
               +---------+---------+-------+---------+---------+-------+---------
         Total |       0 |      53 |   0.0 |       0 |      15 |   0.0 |   259
               +---------+---------+-------+---------+---------+-------+---------
           D:1 |       0 |       9 |   0.0 |       0 |       5 |   0.0 |    92
           D:2 |       0 |      44 |   0.0 |       0 |      10 |   0.0 |   163
               +---------+---------+-------+---------+---------+-------+---------
